 Dungeon Crawl Stone Soup version 0.30-a0-912-ge10d75a369 (webtiles) character file.

Game seed: 12205597203011221087

18348922 RepoMan the Merry Ant (level 27, 243/243 (249) HPs)
             Began as a Formicid Hunter on Mar 16, 2023.
             Was the Champion of the Shining One.
             Escaped with the Orb
             ... and 15 runes on Mar 19, 2023!
             The game lasted 10:17:37 (83863 turns).

RepoMan the Merry Ant (Formicid Hunter)            Turns: 83863, Time: 10:17:37

HP:   243/243 (249) AC: 17    Str: 18    XL:     27
MP:   40/49         EV: 45    Int: 11    God:    the Shining One [******]
Gold: 8502          SH: 40    Dex: 41    Spells: 13/45 levels left

rFire   + + +      SeeInvis +    f - +6 arbalest of Vojovafae {speed, rF+++ rC+ MP+9 Dex-5}
rCold   + + +      Faith    .    N - +8 tower shield
rNeg    + + +      Spirit   .    l - +1 scale mail of the Harp {rElec rPois Will+}
rPois   +          Reflect  .    (helmet unavailable)
rElec   +          Rampage  .    Q - scarf "Foffoumeing" {rC+ rF+, Dex+4}
rCorr   .                        U - +2 pair of gloves
Will    +++..                    E - +2 pair of boots {Fly}
Stlth   +                        o - amulet of regeneration
HPRegen 1.40/turn                T - ring of Pyromania {rC+ rN+ Dex+9}
MPRegen 0.31/turn                i - +6 ring of dexterity

@: flying, glowing, studying 4 skills, lightly drained
A: permanent stasis, dig shafts and tunnels, antennae 3, four strong arms, claws
1, iridescent scales 1, deformed body, screaming 1, shaggy fur 1
0: Orb of Zot
}: 15/15 runes: decaying, slimy, silver, golden, iron, obsidian, icy, bone,
abyssal, demonic, glowing, magical, fiery, dark, gossamer
a: Dig, Shaft Self, Renounce Religion, Divine Shield, Cleansing Flame, Summon
Divine Warrior


You escaped.
You worshipped the Shining One.
The Shining One was exalted by your worship.
You visited 18 branches of the dungeon, and saw 85 of its levels.
You visited Pandemonium 2 times, and saw 22 of its levels.
You visited the Abyss 2 times.
You visited 1 bazaar.
You visited 1 ziggurat, and saw 7 of its levels.
You also visited: Sewer.

You collected 12295 gold pieces.
You spent 3793 gold pieces at shops.

Inventory:

Hand Weapons
 a - a +9 antimagic arbalest
 f - the +6 arbalest of Vojovafae (weapon) {speed, rF+++ rC+ MP+9 Dex-5}
   (You found it on level 2 of the Vaults)

   Dex:       It affects your dexterity (-5).
   rF:        It renders you almost immune to fire.
   rC:        It protects you from cold.
   MP:        It affects your magic capacity (+9).
 h - a +8 triple sword of holy wrath
 w - the +9 longbow of Exchange {heavy, Int+3}
   (You found it on level 5 of the Lair of Beasts)

   Int:       It affects your intelligence (+3).
Missiles
 p - 3 throwing nets
 M - a curare-tipped dart
Armour
 l - the +1 scale mail of the Harp (worn) {rElec rPois Will+}
   (You found it on level 3 of the Elven Halls)

   rElec:     It insulates you from electricity.
   rPois:     It protects you from poison.
   Will:      It increases your willpower.
 r - the +1 cloak of Starlight {*Dazzle EV+4 Stlth--}
   (You found it on level 3 of the Elven Halls)

   *Dazzle:   It may blind those who miss an attack against the wearer in melee
   combat.
   EV:        It affects your evasion (+4).
   Stlth:     It makes you much less stealthy.
 A - the +0 cloak of Inference {rN+ Regen+ Dex-3 Slay+3}
   (You found it in Pandemonium)

   Dex:       It affects your dexterity (-3).
   Slay:      It affects your accuracy & damage with ranged weapons and melee
   (+3).
   rN:        It protects you from negative energy.
   Regen:     It increases your rate of health regeneration.
 E - a +2 pair of boots of flying (worn)
 N - a +8 tower shield (worn)
 Q - the scarf "Foffoumeing" (worn) {rC+ rF+, Dex+4}
   (You acquired it on level 4 of the Realm of Zot)

   Dex:       It affects your dexterity (+4).
 U - a +2 pair of gloves (worn)
Jewellery
 i - a +6 ring of dexterity (right hand)
 m - the ring of Uggaoff {rPois Will+}
   (You found it on level 3 of the Elven Halls)

   [ring of poison resistance]

   rPois:     It protects you from poison.
   Will:      It increases your willpower.
 n - the ring of the Peasants {Will++ MP+9}
   (You found it on level 7 of the Iron City of Dis)

   [ring of magical power]

   MP:        It affects your magic capacity (+9).
   Will:      It greatly increases your willpower.
 o - an amulet of regeneration (around neck)
 u - a ring of protection from fire
 v - the ring "Huorhum" {Fly Will+ rCorr Int+3}
   (You acquired it on level 4 of a ziggurat)

   [ring of flight]

   Int:       It affects your intelligence (+3).
   Fly:       It grants you flight.
   rCorr:     It protects you from acid and corrosion.
   Will:      It increases your willpower.
 C - the ring of Isse Jowk {rC+ rN+ Will+}
   (You found it on level 3 of the Crypt)

   [ring of positive energy]

   rC:        It protects you from cold.
   rN:        It protects you from negative energy.
   Will:      It increases your willpower.
 T - the ring of Pyromania (left hand) {rC+ rN+ Dex+9}
   (You took it off a deep elf zephyrmancer on level 3 of the Elven Halls)

   [ring of positive energy]

   Dex:       It affects your dexterity (+9).
   rC:        It protects you from cold.
   rN:        It protects you from negative energy.
 V - the ring of the Tortoise {AC+8}
   (You found it on level 14 of the Dungeon)

   [ring of protection]

   AC:        It affects your AC (+8).
Wands
 g - a wand of iceblast (59)
 O - a wand of paralysis (21)
 P - a wand of digging (6)
 Z - a wand of acid (37)
Scrolls
 c - 12 scrolls of amnesia
 q - 7 scrolls of fog
 t - 3 scrolls of silence
 z - 4 scrolls of enchant armour
 F - 8 scrolls of poison
 H - 11 scrolls of vulnerability
 S - 5 scrolls of immolation
 X - 2 scrolls of brand weapon
 Y - 3 scrolls of fear
Potions
 d - a potion of magic
 e - 11 potions of might
 k - 19 potions of curing
 s - 16 potions of ambrosia
 x - a potion of resistance
 y - 3 potions of heal wounds
 B - 12 potions of brilliance
 D - 13 potions of flight
 K - 9 potions of mutation
 R - a potion of cancellation
 W - 2 potions of lignification
Miscellaneous
 b - a figurine of a ziggurat
 j - a lightning rod (4/4)
 G - a tin of tremorstones (2/2)
 I - a phial of floods
 J - a box of beasts
 L - a phantom mirror


   Skills:
 O Level 27 Fighting
 + Level 26.8 Long Blades
 O Level 27 Ranged Weapons
 - Level 3.3 Throwing
 - Level 11.1 Armour
 O Level 27 Dodging
 - Level 3.3 Stealth
 O Level 27 Shields
 - Level 9.9 Spellcasting
 - Level 13.3 Hexes
 - Level 3.3 Summonings
 - Level 16.6 Translocations
 - Level 3.3 Transmutations
 - Level 3.3 Earth Magic
 O Level 27 Invocations
 - Level 4.4 Evocations


You had 13 spell levels left.
You knew the following spells:

 Your Spells              Type           Power      Damage    Failure   Level
f - Cause Fear            Hex            17%        N/A       1%          4
g - Apportation           Tloc           82%        N/A       1%          1
h - Leda's Liquefaction   Hex/Erth       11%        N/A       11%         4
i - Inner Flame           Hex/Fire       20%        N/A       6%          3
l - Lesser Beckoning      Tloc           82%        N/A       1%          2
o - Summon Guardian Gole  Hex/Summ       23%        N/A       3%          3
p - Portal Projectile     Hex/Tloc       76%        N/A       1%          3
u - Passage of Golubria   Tloc           41%        N/A       1%          4
w - Passwall              Tmut/Erth      10%        N/A       13%         2
D - Dispersal             Tloc           20%        N/A       5%          6

Your spell library contained the following spells:

 Spells                   Type           Power      Damage    Failure   Level
 Momentum Strike          Conj/Tloc      46%        3d9       1%          2
 Confusing Touch          Hex            34%        N/A       1%          3
 Gell's Gravitas          Tloc           41%        N/A       1%          3
 Teleport Other           Tloc           41%        N/A       1%          3
 Ensorcelled Hibernation  Hex/Ice        40%        N/A       3%          2
 Beastly Appendage        Tmut           24%        N/A       9%          1
 Sandblast                Erth           24%        2d8       9%          1
 Summon Small Mammal      Summ           48%        N/A       9%          1
 Kindle Blastsparks       Fire/Tloc/Air  34%        2d12      10%         3
 Iskenderun's Mystic Bla  Conj/Tloc      23%        2d6       11%         4
 Call Imp                 Summ           12%        N/A       13%         2
 Wereblood                Tmut           12%        N/A       13%         2
 Summon Forest            Summ/Tloc      13%        N/A       16%         5
 Sting                    Tmut/Pois      36%        1d4       17%         1
 Anguish                  Hex/Necr       10%        N/A       22%         4
 Fulminant Prism          Conj/Hex       10%        3d9       22%         4
 Call Canine Familiar     Summ           12%        N/A       26%         3
 Summon Mana Viper        Hex/Summ       23%        N/A       30%         5
 Yara's Violent Unravell  Hex/Tmut       11%        3d6       30%         5
 Foxfire                  Conj/Fire      20%        2x1d5     32%         1
 Kiss of Death            Conj/Necr      20%        2d7       32%         1
 Magic Dart               Conj           20%        1d4       32%         1
 Cigotuvi's Dreadful Rot  Necr/Pois/Air  10%        N/A       45%         2
 Poisonous Vapours        Pois/Air       10%        N/A       45%         2
 Scorch                   Fire           10%        2d5       45%         2
 Sublimation of Blood     Necr           5%         N/A       45%         2
 Spider Form              Tmut/Pois      9%         N/A       45%         3
 Stone Arrow              Conj/Erth      18%        3d8       45%         3
 Silence                  Hex/Air        10%        N/A       52%         5
 Ignite Poison            Fire/Tmut/Pois 7%         N/A       54%         3
 Animate Armour           Summ/Erth      24%        N/A       63%         4
 Petrify                  Tmut/Erth      12%        N/A       63%         4
 Mephitic Cloud           Conj/Pois/Air  5%         N/A       69%         3
 Vampiric Draining        Necr           5%         2d6       69%         3
 Enfeeble                 Hex            17%        N/A       75%         7
 Summon Ice Beast         Ice/Summ       9%         N/A       86%         4
 Summon Lightning Spire   Summ/Air       9%         N/A       86%         4
 Blade Hands              Tmut           6%         N/A       93%         5
 Lee's Rapid Deconstruct  Erth           6%         3d6*      93%         5
 Airstrike                Air            2%         2d(1-17)  97%         4
 Dispel Undead            Necr           5%         3d7       97%         4
 Flame Wave               Conj/Fire      5%         2d5       97%         4
 Olgreb's Toxic Radiance  Pois           5%         N/A       97%         4
 Sticky Flame             Conj/Fire      5%         2d3       97%         4
 Alistair's Intoxication  Tmut/Pois      6%         N/A       99%         5
 Irradiate                Conj/Tmut      4%         3d13      99%         5
 Fireball                 Conj/Fire      2%         3d4       100%        5
 Freezing Cloud           Conj/Ice/Air   2%         6-21      100%        5
 Iskenderun's Battlesphe  Conj           5%         2d6       100%        5
 Lightning Bolt           Conj/Air       2%         1d14      100%        5
 Conjure Ball Lightning   Conj/Air       2%         3x3d6     100%        6
 Eringya's Noxious Bog    Tmut/Pois      4%         N/A       100%        6
 Iron Shot                Conj/Erth      4%         9d2       100%        6
 Simulacrum               Ice/Necr       2%         N/A       100%        6
 Starburst                Conj/Fire      2%         6d3       100%        6
 Statue Form              Tmut/Erth      8%         N/A       100%        6
 Summon Cactus Giant      Summ           6%         N/A       100%        6
 Dragon Form              Tmut           6%         N/A       100%        7
 Haunt                    Necr/Summ      4%         N/A       100%        7
 Monstrous Menagerie      Summ           6%         N/A       100%        7
 Orb of Destruction       Conj           2%         9d5       100%        7
 Ozocubu's Refrigeration  Ice            2%         4d8       100%        7
 Storm Form               Tmut/Air       4%         N/A       100%        7
 Summon Hydra             Summ           6%         N/A       100%        7
 Ignition                 Fire           2%         3d3       100%        8
 Lehudib's Crystal Spear  Conj/Erth      4%         10d3      100%        8
 Maxwell's Capacitive Co  Air            2%         ∞         100%        8
 Chain Lightning          Conj/Air       2%         3d3       100%        9
 Dragon's Call            Summ           6%         N/A       100%        9
 Fire Storm               Conj/Fire      2%         8d1       100%        9
 Polar Vortex             Ice            2%         N/A       100%        9
 Shatter                  Erth           6%         3d9*      100%        9
 Blink                    Tloc           Unusable   N/A       N/A         2
 Swiftness                Air            Unusable   N/A       N/A         3

Dungeon Overview and Level Annotations

Branches:
Dungeon (15/15)            Temple (1/1) D:4            Lair (5/5) D:10
  Swamp (4/4) Lair:3       Spider (4/4) Lair:2        Slime (5/5) Lair:5
    Orc (2/2) D:12            Elf (3/3) Orc:2        Vaults (5/5) D:13
  Crypt (3/3) Vaults:3       Tomb (3/3) Crypt:3      Depths (4/4) D:15
   Hell (visited)             Dis (7/7) Hell            Geh (7/7) Hell
    Coc (7/7) Hell            Tar (7/7) Hell            Zot (5/5) Depths:4
  Sewer (visited)

Altars:
Ashenzari
Cheibriados
Dithmenos
Elyvilon
Fedhas
Hepliaklqana
Makhleb
Nemelex Xobeh
Okawaru
Qazlal
Trog
Uskayaw
Vehumet
Wu Jian
Xom
Yredelemnul
Zin
The Shining One
Jiyva

Shops:
D:5 =   D:9 [**   D:10 =   D:12 [   Orc:1 *   Orc:2 *([*   Elf:3 **
Vaults:2 !

Portals:
Hell: Depths:1 Depths:2 Depths:3 Depths:4
Abyss: Depths:2 Depths:3
Pandemonium: Depths:2

Annotations:
Depths:3 2 transporters, exclusion: obsidian statue


Innate Abilities, Weirdness & Mutations

You cannot be hasted, slowed, berserked, paralysed or teleported.
You can dig through walls and to a lower floor.
You have a pair of large antennae on your head. (SInv)
Your four strong arms can wield two-handed weapons with a shield.
You have sharp fingernails.
You are partially covered in iridescent scales. (AC +2)
Armour fits poorly on your strangely shaped body.
You occasionally shout uncontrollably at your foes.
You are covered in fur. (AC +1)


Message History

A demonspawn warmonger comes into view.
It is wielding a +3 demon trident of freezing, wearing a +2 plate armour of fire resistance and wearing a +1 kite shield of poison resistance.
The Executioner gestures.
The Executioner seems to speed up.
As you read the scroll of fog, it crumbles to dust.
The scroll dissolves into smoke.
You block the Executioner's attack. x2; The Executioner completely misses you. x2
You block the Executioner's attack. x2; The Executioner misses you.
You block the Executioner's attack. The Executioner completely misses you.
You block the Executioner's attack. x2; The Executioner completely misses you.
You block the Executioner's attack. x2
The Executioner hits you but does no damage.
There is a stone staircase leading up here.
You block the Executioner's attack. x3; The Executioner misses you.
The Executioner completely misses you. x2
You fly upwards.
There is a stone staircase leading down here.
Things that are here:
a +0 chain mail; a +2 flail of protection
There is an open door, spattered with blood here.
You see here a +2 dagger of flaming.
There is an escape hatch in the ceiling here.
A mysterious force pulls you upwards. The hatch slams shut behind you.
There is an escape hatch in the ceiling here.
A mysterious force pulls you upwards. The hatch slams shut behind you.
There is a stone staircase leading up here.
You fly upwards.
There is a stone staircase leading down here.
There is an open door here.
You extend your mandibles.
You dig through the rock wall.
You feel drained.
You retract your mandibles.
There is a staircase leading out of the dungeon here.
Okay, then.
Your +8 triple sword of holy wrath stops glowing.
You feel clever.
w - the +9 longbow of Exchange (weapon)
{heavy, Int+3} You feel clumsy.
Your hands tingle!
f - the +6 arbalest of Vojovafae (weapon)
{speed, rF+++ rC+ MP+9 Dex-5} You have escaped!

.#### #.....# #.# .# ###.### #.#
.# #######.# #.# .# #.....#.#
###.# .# #.....#.# #...##
.###.......# #.##.####
......#############.....####
####..#...#...#...#........#
#.##.8...8.#.@.'.....##.#
#.##...#.......#........#
#.###.###.###.##.....#..# #.# #.#
#.# #.##........######
####.###.###.###.##..............
..##..#...#...#)..##.#.##.#######
#.#####.8.#.8.#.8.##....#.# #.#
#...#...#...#..)....#######
#.######.###.###.#####.#####.....


There were no monsters in sight!

Vanquished Creatures
  Asmodeus (Geh:7)
  the Royal Jelly (Slime:5)
  Ereshkigal (Tar:7)
  the Serpent of Hell (Tar:7)
  Lom Lobon (Pan)
  Khufu (Crypt:3)
  4 orbs of fire
  6 dread liches
  10 ancient liches
  Mara (Vaults:4)
  Mennas (Pan)
  2 juggernauts
  38 royal mummies
  The ghost of Wuppom the Warrior, a veteran GrFi of the Shining One (Crypt:1)
  Boris (Vaults:3)
  2 shard shrikes (Coc:2)
  The ghost of Ogaomn the Deadly Accurate, a veteran GnSk of Cheibriados (Depths:4)
  Bai Suzhen (Spider:4)
  8 Killer Klowns
  5 curse toes
  12 caustic shrikes
  The ghost of Foasmeck the Peltast, a veteran MiFi of Qazlal (Vaults:4)
  Geryon (Hell)
  23 profane servitors
  9 golden dragons
  Arachne (Spider:4)
  10 doom hounds
  16 Brimstone Fiends
  19 Tzitzimimeh
  5 electric golems
  6 iron giants
  3 pandemonium lords
  8 bone dragons
  20 hellephants
  A shard shrike zombie (Crypt:3)
  27 tentacled monstrosities
  Rupert (D:13)
  A spectral shard shrike (Tar:3)
  21 tainted leviathans
  8 liches
  2 deep elf blademasters
  9 titans
  27 searing wretches
  14 Ice Fiends
  19 Hell Sentinels
  3 quicksilver dragons
  27 Orb Guardians
  A walking frostbound tome (Depths:1)
  16 acid blobs
  9 tentacled starspawn
  21 ancient champions
  7 death cobs
  4 sphinxes (Tomb:1)
  2 deep elf master archers (Elf:3)
  The ghost of Uhytecu the Tortoise, an adept MiBe of Trog (Depths:4)
  24 Executioners
  7 tengu reavers (Vaults:5)
  3 thorn hunters
  Roxanne (Swamp:4)
  10 draconian monks
  14 shadow dragons
  3 revenants
  8 demonspawn warmongers (Pan)
  22 azure jellies
  10 draconian knights
  9 rockslimes
  22 narguns
  21 frost giants
  23 storm dragons
  2 fenstrider witches (Swamp:1)
  12 fire giants
  7 iron dragons
  12 deep elf sorcerers
  5 draconian shifters
  6 draconian scorchers
  A quicksilver elemental (Dis:7)
  Louise (Spider:4)
  17 vault wardens
  18 ghost moths
  7 emperor scorpions
  44 balrugs
  6 curse skulls
  An orc warlord (Vaults:3)
  9 shard shrike simulacra
  A spectral juggernaut (Tar:5)
  13 cacodemons (Pan)
  3 ghouls
  A ghost moth (shapeshifter) (Vaults:5)
  23 stone giants
  5 draconian stormcallers
  4 demonspawn blood saints (Pan)
  2 spriggan defenders (Depths:4)
  9 demonspawn corrupters (Pan)
  The ghost of TotallyNotGC the Warrior, a journeyman MiCK of Xom (Lair:4)
  11 ironbound thunderhulks
  3 juggernaut skeletons
  18 war gargoyles
  3 caustic shrike skeletons
  7 deep elf elementalists
  7 quicksilver oozes
  25 ironbound preservers
  2 broodmothers
  A quicksilver ooze (shapeshifter) (Vaults:5)
  20 reapers
  6 draconian annihilators
  25 very ugly things
  5 vampire knights
  4 starflowers (Abyss:2)
  5 deep elf demonologists
  6 eleionomae
  16 elemental wellsprings
  9 bennus
  14 putrid mouths
  11 green draconians
  A spectral titan (Tar:1)
  12 wendigos
  14 white draconians
  The ghost of Zemihauc the Unseen, a journeyman SpBr (Depths:4)
  13 spark wasps
  5 demonspawn black suns (Pan)
  12 deep elf annihilators
  9 purple draconians
  8 yellow draconians
  14 lorocyprocas
  11 black draconians
  10 dire elephants
  A bunyip (Swamp:4)
  16 red draconians
  9 deep elf death magi
  Snorg (Lair:4)
  10 eidola
  3 crystal guardians
  18 green deaths
  A spectral quicksilver dragon (Tar:4)
  24 mummy priests
  14 ettins
  10 iron golems
  16 blizzard demons
  6 entropy weavers
  2 shambling mangroves
  7 deep elf high priests
  Josephine (Lair:4)
  4 spectral spriggans
  11 jiangshi
  5 rakshasas
  9 fire dragons
  29 vault guards
  Harold (D:11)
  11 ice dragons
  16 yaktaur captains
  13 great orbs of eyes
  A spriggan zombie (Hell)
  A radroach (Spider:3)
  18 hydras
  4 hell beasts (Pan)
  4 salamander tyrants
  4 juggernaut simulacra
  3 spriggan air magi
  3 peacekeepers
  3 ogre magi
  8 caustic shrike simulacra
  2 catoblepae
  A jorogumo (Spider:2)
  12 ironbound frosthearts
  3 spriggan skeletons
  3 death knights
  5 stokers
  4 centaur warriors
  10 boulder beetles
  A naga warrior (Zig:3)
  6 death yaks
  A fenstrider witch skeleton (Crypt:2)
  A two-headed ogre (shapeshifter) (Vaults:3)
  A ghost crab (Swamp:4)
  60 death scarabs
  25 dancing weapons
  2 tengu warriors
  9 deep troll shamans
  6 alligators
  3 spriggan berserkers
  8 two-headed ogres
  10 vampire magi
  9 deep troll earth magi
  3 thrashing horrors
  24 deep elf knights
  A naga sharpshooter (Zig:4)
  A spectral dire elephant (Tar:5)
  A titan zombie (Crypt:1)
  2 hell knights
  3 orc high priests
  40 hell hogs
  66 sun demons
  18 soul eaters
  Nergalle (Orc:1)
  15 crystal echidnas
  8 shadow wraiths
  12 iron trolls
  3 skysharks
  8 wretched stars
  34 skeletal warriors
  2 sun moths (Spider:3)
  5 pharaoh ants
  A salamander mystic (Depths:4)
  23 sixfirhies
  A cherub (Pan)
  5 goliath frogs
  A quicksilver dragon simulacrum (Coc:7)
  A spectral anaconda (Tar:4)
  3 anaconda zombies
  5 spectral hydras
  11 shadow demons (Pan)
  9 bog bodies
  5 flayed ghosts
  7 glowing orange brains
  2 spriggan simulacra
  11 orb spiders
  4 spriggan druids
  21 ironbound convokers
  A death drake (Swamp:3)
  A bunyip zombie (Crypt:2)
  12 deep elf archers
  6 swamp dragons
  5 harpies (Vaults:5)
  84 deep trolls
  Pikel (D:5)
  An anaconda skeleton (Tomb:2)
  12 wizards
  6 steelbarb worms
  An iron giant skeleton (Hell)
  10 phantasmal warriors
  12 lindwurms
  A shadow dragon skeleton (Crypt:2)
  11 orc knights
  42 deep elf pyromancers
  22 deep elf zephyrmancers
  50 ugly things
  13 starcursed masses
  5 orc sorcerers
  A mana viper (shapeshifter) (Vaults:5)
  8 necromancers
  A wolf spider (shapeshifter) (Vaults:5)
  A draconian zombie (Crypt:1)
  15 wolf spiders
  5 shining eyes
  An oklob plant (Swamp:4)
  39 moths of wrath
  4 will-o-the-wisps
  A worldbinder (Abyss:3)
  8 cyclopes
  An iron dragon skeleton (Crypt:2)
  3 spectral centaurs (Tar:2)
  An apocalypse crab (Abyss:3)
  6 ice statues
  7 black mambas
  4 salamanders (Depths:4)
  2 elephants (shapeshifter)
  An alligator snapping turtle zombie (Tomb:3)
  2 black mambas (shapeshifter) (Elf:3)
  11 orange demons
  A water nymph (shapeshifter) (Elf:2)
  15 vault sentinels
  16 elephants
  An orc zombie (Crypt:2)
  An eye of devastation (Abyss:2)
  20 demonic crawlers
  2 gargoyles
  3 titan simulacra
  3 torpor snails
  5 guardian serpents
  12 rust devils
  30 smoke demons
  16 cane toads
  A torpor snail (shapeshifter) (Abyss:2)
  26 hellions
  10 spectral swamp worms (Tar:7)
  6 efreet
  A centaur skeleton (Crypt:2)
  5 rime drakes
  Maggie (Lair:2)
  4 dire elephant skeletons
  A yaktaur (shapeshifter) (D:13)
  3 sea snake zombies (Hell)
  29 yaktaurs
  8 komodo dragons
  2 spectral nagas
  A kobold demonologist (D:12)
  A golden dragon simulacrum (Coc:7)
  2 iron giant simulacra (Coc:7)
  A purple draconian skeleton (Crypt:3)
  20 freezing wraiths
  A harpy zombie (Crypt:3)
  2 bunyip simulacra
  19 tormentors
  3 spectral harpies (Tar:2)
  47 guardian mummies
  A tengu conjurer (Depths:3)
  6 red devils (Pan)
  3 hydra zombies
  39 large abominations
  3 ice devils (Pan)
  10 meliai
  A queen bee (Spider:3)
  2 bloated husks
  23 hellwings
  2 polar bears
  8 anaconda simulacra
  5 ancient zymes
  A queen bee (shapeshifter) (Depths:1)
  8 trolls
  A silent spectre (Orc:1)
  18 hornets
  Grinder (D:3)
  31 tarantellas
  4 tyrant leeches
  4 hydra skeletons
  Prince Ribbit (Lair:1)
  16 blink frogs
  4 raiju
  2 harpy skeletons
  2 stone giant simulacra
  2 dream sheep
  A jumping spider (shapeshifter) (D:13)
  A slime creature (shapeshifter) (Depths:1)
  An ice dragon skeleton (Crypt:1)
  108 slime creatures
  An air elemental (Elf:2)
  A black mamba zombie (Crypt:1)
  3 centaur simulacra
  21 spriggans
  25 jumping spiders
  A naga simulacrum (Coc:1)
  12 culicivoras
  4 shadows
  46 flying skulls
  13 wraiths
  3 dire elephant simulacra
  2 fire elementals
  17 water elementals
  2 ettin skeletons
  45 yaks
  A vampire (D:13)
  A wyvern (shapeshifter) (Vaults:5)
  3 wyverns
  Eustachio (D:4)
  A fire bat (Abyss:2)
  30 ynoxinuls
  5 golden eyes (Slime:5)
  8 basilisks
  A redback (shapeshifter) (Vaults:5)
  23 neqoxecs
  3 steam dragons
  19 ushabtiu
  30 redbacks
  19 vampire mosquitoes
  A sea snake simulacrum (Hell)
  3 wargs
  20 chaos spawn
  Menkaure (D:7)
  11 swamp worms
  2 nagas (Zig:3)
  2 naga zombies
  8 harpy simulacra
  A deep troll zombie (Crypt:2)
  4 hydra simulacra (Swamp:4)
  A floating eye (Slime:5)
  A water nymph skeleton (Crypt:2)
  9 hell hounds
  8 water moccasins
  2 acid dragons
  2 entropy weaver zombies
  7 swamp drakes
  A naga skeleton (Pan)
  18 orc warriors
  A sky beast (D:7)
  3 black bears
  An ice beast (D:6)
  A swamp dragon zombie (Swamp:4)
  2 ettin simulacra
  7 centaurs
  5 boggarts
  8 small abominations
  A lindwurm skeleton (Crypt:1)
  13 wolves
  5 ogres
  An elephant skeleton (Crypt:2)
  2 lemures (D:5)
  A phantom (D:4)
  A yaktaur zombie (Crypt:2)
  5 kobold brigands
  2 gnoll sergeants
  A rime drake skeleton (Crypt:3)
  16 bullfrogs
  2 scorpions
  4 earth elementals
  An elf skeleton (Crypt:1)
  A necrophage (Crypt:2)
  8 wights
  A swamp dragon simulacrum (Coc:1)
  A yak zombie (Crypt:1)
  33 killer bees
  3 electric eels
  6 howler monkeys
  6 crimson imps (Pan)
  7 hounds
  3 quasits (Abyss:2)
  15 orc priests
  A bullfrog skeleton (Crypt:2)
  Crazy Yiuf (D:5)
  2 jellies (D:6)
  3 iguanas (D:6)
  2 iron imps
  A basilisk skeleton (Crypt:1)
  18 orc wizards
  A sickly merfolk siren (Sewer)
  17 hell rats
  A malarious merfolk avatar (Sewer)
  A sky beast zombie (Crypt:3)
  46 mummies
  14 gnolls
  7 adders
  6 river rats
  A shadow imp (Abyss:2)
  4 white imps
  4 ufetubi
  A lava snake zombie (Crypt:2)
  7 worms
  6 dart slugs
  51 orcs
  8 ball pythons
  2 bats
  4 endoplasms
  5 giant cockroaches
  3 goblins
  9 hobgoblins
  7 quokkas
  5 frilled lizards
  A jackal zombie (Crypt:2)
  31 kobolds
  29 rats
  3 creeping infernos
  37 fire vortices
  A lurking horror (Abyss:3)
  3 starspawn tentacles (Abyss:2)
3962 creatures vanquished.

Vanquished Creatures (collateral kills)
  Cerebov (Pan)
  Antaeus (Coc:7)
  Gloorx Vloq (Pan)
  Dispater (Dis:7)
  Mnoleg (Pan)
  An orb of fire (Zot:5)
  A juggernaut (Depths:4)
  Vv (Crypt:3)
  4 caustic shrikes (Dis:7)
  A golden dragon (Depths:1)
  the Enchantress (Depths:4)
  5 iron giants (Dis:7)
  3 Hell Sentinels
  2 tainted leviathans (Tar:7)
  Zenata (Vaults:1)
  3 liches
  3 ancient champions
  An acid blob (Slime:5)
  A rockslime (Slime:5)
  Donald (Vaults:3)
  2 frost giants
  An emperor scorpion (Spider:4)
  A fire giant (Depths:1)
  A nargun (Coc:7)
  A draconian scorcher (Zig:7)
  A hydra zombie (Swamp:4)
  A vault warden (Vaults:5)
  A cacodemon (Pan)
  Aizul (Elf:2)
  A ghoul (Crypt:3)
  A very ugly thing (Pan)
  A spriggan defender (Depths:4)
  A stone giant (Depths:1)
  An eleionoma (Swamp:4)
  A green draconian (Depths:4)
  A bunyip (Swamp:4)
  A deep elf death mage (Crypt:3)
  An iron golem (Dis:7)
  3 jiangshi (Crypt:3)
  A spectral kraken (Tar:7)
  A vault guard (Vaults:5)
  A hydra (Swamp:4)
  A shambling mangrove (Swamp:4)
  An ice dragon (Depths:4)
  A quicksilver dragon skeleton (Crypt:3)
  2 spriggan air magi (Depths:4)
  A dancing weapon (Elf:2)
  A soul eater (Crypt:3)
  A skeletal warrior (Crypt:3)
  A spriggan druid (Swamp:4)
  A bog body (Swamp:4)
  A quicksilver dragon simulacrum (Coc:7)
  A swamp dragon (Swamp:4)
  A wizard (Vaults:3)
  An ironbound convoker (Vaults:2)
  2 ugly things
  2 oklob plants (Swamp:4)
  A necromancer (Crypt:3)
  An iron dragon zombie (Crypt:3)
  2 wolf spiders (Spider:4)
  A yaktaur (Vaults:3)
  2 freezing wraiths
  A shock serpent skeleton (Crypt:3)
  3 spectral swamp worms (Tar:7)
  2 death drake zombies (Swamp:4)
  3 tarantellas (Spider:4)
  A tyrant leech (Swamp:4)
  2 spriggans (Depths:4)
  A culicivora (Spider:4)
  A large abomination (Pan)
  A redback (Spider:4)
  A swamp worm (Swamp:4)
  3 swamp drakes (Swamp:4)
  A cyclops zombie (Crypt:3)
  A komodo dragon skeleton (Crypt:3)
  A fire vortex (Geh:7)
106 creatures vanquished.

Vanquished Creatures (others)
  A pandemonium lord (Pan)
  An eldritch tentacle (Tomb:3)
  A fire giant (Geh:6)
  A shard shrike simulacrum (Coc:6)
  A demonspawn black sun (Pan)
  3 bennus (Tomb:3)
  2 juggernaut simulacra
  A caustic shrike simulacrum (Coc:7)
  A stoker (Geh:7)
  A skeletal warrior (Tomb:3)
  A spriggan simulacrum (Coc:7)
  A necromancer (Depths:1)
  A titan simulacrum (Coc:1)
  A freezing wraith (Coc:1)
  A bunyip simulacrum (Coc:1)
  10 guardian mummies (Tomb:3)
  An iron dragon simulacrum (Coc:1)
  A swamp worm (Swamp:4)
  A harpy simulacrum (Coc:1)
  A hell rat (Hell)
  2 mummies (Tomb:3)
  2 ball lightnings (Pan)
  A briar patch (Abyss:3)
  7 bushes
  A fire vortex (Pan)
  11 foxfires (Swamp:2)
  46 fungi
  A lurking horror (Abyss:3)
  248 plants
  6 starspawn tentacles
  4 tentacles (Tar:7)
361 creatures vanquished.

Grand Total: 4429 creatures vanquished

Notes
Turn   | Place    | Note
-------+----------+-------------------------------------------
     0 | D:1      | RepoMan the Formicid Hunter began the quest for the Orb.
     0 | D:1      | Reached XP level 1. HP: 16/16 MP: 1/1
   108 | D:1      | Reached XP level 2. HP: 23/23 MP: 2/2
   406 | D:1      | Reached XP level 3. HP: 28/28 MP: 3/3
  1184 | D:2      | Reached XP level 4. HP: 35/35 MP: 4/4
  1349 | D:3      | Reached skill level 1 in Armour
  1472 | D:3      | Reached skill level 5 in Ranged Weapons
  1602 | D:3      | Noticed Grinder
  1649 | D:3      | Killed Grinder
  1650 | D:3      | Reached XP level 5. HP: 27/42 MP: 5/5
  1650 | D:3      | Reached XP level 6. HP: 31/48 MP: 6/6
  2085 | D:4      | Found a staircase to the Ecumenical Temple.
  2104 | Temple   | Entered the Ecumenical Temple
  2154 | Temple   | Became a worshipper of the Shining One
  2202 | D:4      | Noticed Eustachio
  2274 | D:4      | Reached XP level 7. HP: 36/53 MP: 7/7
  2473 | D:4      | Killed Eustachio
  2579 | D:4      | Noticed Edmund
  2580 | D:4      | Edmund changed into Edmund the scorpion
  2580 | D:4      | Noticed Edmund
  2584 | D:4      | Killed Edmund the scorpion
  2910 | D:4      | Reached skill level 5 in Fighting
  2910 | D:4      | Reached XP level 8. HP: 42/62 MP: 8/8
  3257 | D:5      | Entered Level 5 of the Dungeon
  3505 | D:5      | Learned a level 3 spell: Portal Projectile
  3610 | D:5      | Found Niankiur's Jewellery Emporium.
  3931 | D:5      | Reached skill level 1 in Hexes
  4120 | D:5      | Noticed Pikel
  4144 | D:5      | Killed Pikel
  4145 | D:5      | Reached skill level 1 in Spellcasting
  4145 | D:5      | Reached skill level 1 in Translocations
  4145 | D:5      | Reached XP level 9. HP: 28/69 MP: 10/10
  4353 | D:5      | Found a runed translucent door.
  4354 | D:5      | Noticed Crazy Yiuf
  4479 | D:6      | Found a stormy altar of Qazlal.
  4546 | D:6      | Reached * piety under the Shining One
  4570 | D:6      | Found a glowing drain.
  4596 | Sewer    | Entered a sewer
  5246 | D:6      | Found a shadowy altar of Dithmenos.
  5421 | D:6      | Found a basalt altar of Yredelemnul.
  5487 | D:6      | Found an ornate altar of the Wu Jian Council.
  5487 | D:6      | Found a sparkling altar of Nemelex Xobeh.
  6053 | D:7      | Noticed Menkaure
  6058 | D:7      | Killed Menkaure
  6209 | D:7      | Identified the +3 leather armour of the Lobster {Will+}
  6260 | D:7      | Reached skill level 10 in Ranged Weapons
  6260 | D:7      | Reached XP level 10. HP: 79/79 MP: 13/13
  6649 | D:8      | Reached ** piety under the Shining One
  6716 | D:7      | Reached skill level 5 in Invocations
  6829 | D:8      | Noticed an eight-headed hydra
  6856 | D:8      | Killed an eight-headed hydra
  6857 | D:8      | Reached skill level 5 in Dodging
  7115 | D:8      | Noticed a boulder beetle
  7150 | D:8      | Killed a boulder beetle
  7290 | D:8      | Noticed a red ugly thing
  7450 | D:9      | Reached XP level 11. HP: 82/85 MP: 15/15
  7463 | D:9      | Found Boeguv's Antique Armour Shoppe.
  7490 | D:9      | Found an iron altar of Okawaru.
  7529 | D:9      | Found a radiant altar of Vehumet.
  7530 | D:9      | Found a broken altar of Ashenzari.
  7531 | D:9      | Found a burning altar of Makhleb.
  7531 | D:9      | Found a hazy altar of Hepliaklqana.
  7806 | D:9      | Found Zeet's Assorted Antiques.
  7928 | D:9      | Noticed a two-headed ogre
  7942 | D:9      | Killed a two-headed ogre
  8039 | D:9      | Identified the +1 leather armour "Kabuum" {Fly Str-5 Int+3}
  8169 | D:9      | Found Jaxtef's General Store.
  8173 | D:9      | Bought a scroll of vulnerability for 56 gold pieces
  8173 | D:9      | Bought a scroll of identify for 28 gold pieces
  8296 | D:10     | Entered Level 10 of the Dungeon
  8675 | D:9      | Reached skill level 5 in Hexes
  8911 | D:10     | Found a staircase to the Lair.
  9220 | D:10     | Found Puerump's Jewellery Emporium.
  9321 | D:10     | Reached *** piety under the Shining One
  9789 | D:11     | Noticed a skeletal warrior
  9789 | D:11     | Noticed a skeletal warrior
  9789 | D:11     | Noticed a skeletal warrior
  9789 | D:11     | Noticed a skeletal warrior
  9819 | Lair:1   | Entered Level 1 of the Lair of Beasts
  9825 | Lair:1   | Identified the +0 leather armour "Rohul" {Harm}
  9830 | Lair:1   | Noticed Sonja
  9831 | Lair:1   | Sonja changed into Sonja the worm
  9831 | Lair:1   | Noticed Sonja
  9851 | Lair:1   | Reached XP level 12. HP: 46/95 MP: 13/17
  9854 | Lair:1   | Killed Sonja the worm
 10297 | Lair:1   | Noticed Prince Ribbit
 10379 | Lair:1   | Killed Prince Ribbit
 11588 | Lair:2   | Noticed Maggie
 11770 | Lair:2   | Killed Maggie
 12433 | Lair:2   | Reached skill level 10 in Fighting
 12692 | Lair:2   | Found a hole to the Spider Nest.
 13163 | Lair:3   | Reached XP level 13. HP: 100/103 MP: 19/19
 13997 | Lair:3   | Reached skill level 1 in Shields
 14207 | Lair:3   | Noticed a seven-headed hydra
 14214 | Lair:3   | Killed a seven-headed hydra
 14215 | Lair:3   | Reached skill level 10 in Invocations
 14226 | Lair:3   | Noticed a six-headed hydra
 14251 | Lair:3   | Killed a six-headed hydra
 14524 | Lair:3   | You fall into a shaft and drop 2 floors!
 14524 | Lair:5   | Entered Level 5 of the Lair of Beasts
 14882 | Lair:5   | Reached skill level 5 in Shields
 14995 | Lair:4   | You fall into a shaft and drop 1 floor!
 14995 | Lair:5   | Found a staircase to the Slime Pits.
 14995 | Lair:5   | Found a viscous altar of Jiyva.
 15471 | Lair:4   | Found a runed translucent door.
 15475 | Lair:4   | Noticed TotallyNotGC's ghost (journeyman MiCK)
 15612 | Lair:4   | Reached XP level 14. HP: 61/113 MP: 21/21
 16734 | Lair:4   | Noticed Snorg
 17210 | Lair:3   | Reached skill level 15 in Ranged Weapons
 17289 | Lair:3   | Found a staircase to the Swamp.
 17444 | Lair:4   | Reached **** piety under the Shining One
 18113 | Lair:4   | Noticed Josephine
 18118 | Lair:4   | Killed Josephine
 18207 | Lair:4   | Identified the +11 trident "Ukhlobauh" {heavy, MP+9 Int+3}
 19136 | Lair:5   | Reached XP level 15. HP: 105/120 MP: 19/23
 19412 | Lair:5   | Identified the +9 longbow of Exchange {heavy, Int+3}
 19793 | Lair:4   | Killed Snorg
 20069 | D:8      | Found a snail-covered altar of Cheibriados.
 20439 | D:5      | Killed Crazy Yiuf
 20887 | D:11     | Noticed Harold
 20909 | D:11     | Killed Harold
 21360 | D:11     | Found a shadowy altar of Dithmenos.
 21521 | D:12     | Reached skill level 10 in Dodging
 21620 | D:12     | Reached ***** piety under the Shining One
 21630 | D:12     | Found Wenysopt's Armour Shop.
 21713 | D:12     | Found a staircase to the Orcish Mines.
 22320 | Orc:1    | Entered Level 1 of the Orcish Mines
 22423 | Orc:1    | Found a transporter.
 22451 | Orc:1    | Found a transporter.
 22468 | Orc:2    | Entered Level 2 of the Orcish Mines
 22505 | Orc:1    | Found Itwusage's Gadget Gallery.
 22651 | Orc:2    | Found a staircase to the Elven Halls.
 22698 | Orc:1    | Noticed Nergalle
 22728 | Orc:1    | Killed Nergalle
 22886 | Orc:1    | Found a bloodstained altar of Trog.
 22886 | Orc:1    | Found the necklace of Bloodlust {Fury *Rage Will++ Int-3
                  | Slay+6}
 23244 | Orc:1    | Reached XP level 16. HP: 113/130 MP: 25/25
 23402 | Orc:2    | Found Padudua's Antique Armour Shoppe.
 23402 | Orc:2    | Found Wejoroh's General Store.
 23404 | Orc:2    | Found Odinital's General Store.
 23404 | Orc:2    | Found Ycvem's Weapon Boutique.
 23415 | Orc:2    | Bought 3 scrolls of fog for 192 gold pieces
 23415 | Orc:2    | Bought a throwing net for 48 gold pieces
 23415 | Orc:2    | Bought a potion of curing for 48 gold pieces
 23418 | Orc:2    | Bought a scroll of enchant armour for 97 gold pieces
 23418 | Orc:2    | Bought a potion of mutation for 104 gold pieces
 23420 | Orc:2    | Bought a faintly glowing ring mail for 198 gold pieces
 23420 | Orc:2    | Identified the +3 ring mail of Elyvilon's Outrage {rPois}
                  | (You bought it in a shop on level 2 of the Orcish Mines)
 23420 | Orc:2    | Bought a pair of runed gloves for 165 gold pieces
 23420 | Orc:2    | Bought a runed cloak for 165 gold pieces
 23643 | D:9      | Bought a pair of glowing gloves for 232 gold pieces
 24021 | D:13     | Noticed Rupert
 24033 | D:13     | Killed Rupert
 24037 | D:13     | Identified the +0 robe of Resilience {rF+ rN+ Will- Int+9}
 24269 | D:13     | Reached ****** piety under the Shining One
 24365 | D:13     | Found a gate to the Vaults.
 24575 | D:14     | Found the ring of the Tortoise {AC+8}
 24885 | D:14     | Learned a level 4 spell: Passage of Golubria
 25338 | D:15     | Entered Level 15 of the Dungeon
 25368 | D:15     | Found an iron altar of Okawaru.
 25684 | D:15     | Identified a scroll of acquirement
 25885 | D:15     | Found a white marble altar of Elyvilon.
 26010 | D:15     | Identified the +1 falchion of Makhleb's Wrath {vamp, rPois
                  | rF+ rC++ MP-9}
 26048 | D:15     | Found a staircase to the Depths.
 26182 | D:15     | Acquired 873 gold pieces
 26383 | Spider:1 | Entered Level 1 of the Spider Nest
 26411 | Spider:1 | Reached XP level 17. HP: 138/138 MP: 19/27
 29087 | Spider:3 | Identified the +3 chain mail "Fiesh" {Harm Str+2 Dex+4
                  | Stlth+}
 30103 | Spider:4 | Entered Level 4 of the Spider Nest
 30187 | Spider:4 | Noticed Louise
 30337 | Swamp:1  | Entered Level 1 of the Swamp
 30521 | Swamp:1  | Reached XP level 18. HP: 125/147 MP: 29/29
 31266 | Swamp:2  | Reached skill level 15 in Invocations
 31819 | Swamp:2  | You fall into a shaft and drop 1 floor!
 31854 | Swamp:3  | Reached skill level 15 in Fighting
 32455 | Swamp:4  | Entered Level 4 of the Swamp
 32653 | Swamp:4  | Identified Roxanne's Compilation of Clay
 32653 | Swamp:4  | Noticed Roxanne
 32666 | Swamp:4  | Killed Roxanne
 33092 | Swamp:4  | Reached XP level 19. HP: 155/155 MP: 30/30
 33253 | Swamp:4  | Found a basalt altar of Yredelemnul.
 33265 | Swamp:4  | Got a decaying rune of Zot
 33283 | Swamp:4  | Found a blossoming altar of Fedhas.
 33970 | Spider:4 | Noticed Arachne
 33977 | Spider:4 | Killed Arachne
 33995 | Abyss:2  | Cast into level 2 of the Abyss (Louise)
 34103 | Abyss:2  | Found a corrupted altar of Lugonu.
 34125 | Abyss:2  | Found a corrupted altar of Lugonu.
 34131 | Abyss:2  | Found a corrupted altar of Lugonu.
 34217 | Abyss:2  | Found a corrupted altar of Lugonu.
 34293 | Abyss:2  | Found a corrupted altar of Lugonu.
 34411 | Abyss:2  | Found a corrupted altar of Lugonu.
 34413 | Spider:4 | Escaped the Abyss
 34434 | Spider:4 | Killed Louise
 34439 | Spider:4 | Noticed Bai Suzhen
 34451 | Spider:4 | Killed Bai Suzhen
 35143 | Spider:4 | Learned a level 3 spell: Summon Guardian Golem
 35584 | Spider:4 | Got a gossamer rune of Zot
 36624 | Elf:1    | Entered Level 1 of the Elven Halls
 36662 | Elf:1    | Reached XP level 20. HP: 149/166 MP: 32/32
 38222 | Elf:2    | Found a runed translucent gate.
 38222 | Elf:2    | Found a runed translucent gate.
 38231 | Elf:2    | Found a runed translucent gate.
 38826 | Elf:2    | Noticed Aizul
 38847 | Elf:2    | Killed Aizul
 39394 | Elf:3    | Entered Level 3 of the Elven Halls
 39415 | Elf:3    | Found Caoqul's Assorted Antiques.
 39430 | Elf:3    | Bought a potion of mutation for 280 gold pieces
 39695 | Elf:3    | Found Gos Lior's Overcharged Wands.
 39877 | Elf:3    | Reached XP level 21. HP: 174/174 MP: 33/33
 40071 | Elf:3    | Identified the ring "Hodator" {Str+6 Dex+2 Stlth+}
 40126 | Elf:3    | Identified the ring of Pyromania {rC+ rN+ Dex+9}
 40381 | Elf:3    | Found the +0 staff of Battle
 40418 | Elf:3    | Identified the ring of Uggaoff {rPois Will+}
 40459 | Elf:3    | Identified the +2 robe of the Sheltering Gods {Rampage
                  | rPois Int-3}
 40460 | Elf:3    | Identified the +1 scale mail of the Harp {rElec rPois
                  | Will+}
 40525 | Elf:3    | Found the +1 cloak of Starlight {*Dazzle EV+4 Stlth--}
 40564 | Elf:3    | Identified the +9 morningstar of Duxybei {heavy, Fly
                  | Will+++ Str+5 Dex-3}
 41114 | Vaults:1 | Entered Level 1 of the Vaults
 41157 | Vaults:1 | Learned a level 3 spell: Inner Flame
 41339 | Vaults:1 | Reached skill level 1 in Summonings
 41355 | Vaults:1 | Reached skill level 10 in Hexes
 41460 | Vaults:1 | Noticed Zenata
 41465 | Vaults:1 | Killed Zenata
 42015 | Vaults:1 | Reached XP level 22. HP: 151/183 MP: 35/35
 42225 | Vaults:1 | Reached skill level 5 in Armour
 43275 | Vaults:2 | Reached skill level 15 in Dodging
 43547 | Vaults:2 | Identified the +6 arbalest of Vojovafae {speed, rF+++ rC+
                  | MP+9 Dex-5}
 44039 | Vaults:2 | Found Umesulax's Distillery.
 44047 | Vaults:2 | Bought a potion of heal wounds for 80 gold pieces
 44047 | Vaults:2 | Bought a potion of mutation for 128 gold pieces
 44047 | Vaults:2 | Bought a potion of curing for 48 gold pieces
 44047 | Vaults:2 | Bought 2 potions of heal wounds for 160 gold pieces
 44200 | Vaults:3 | Identified the +2 robe of the Skies Above {rPois rCorr
                  | Dex-2}
 44374 | Vaults:3 | Noticed Donald
 44399 | Vaults:3 | Reached XP level 23. HP: 178/191 MP: 33/36
 44406 | Vaults:3 | Killed Donald
 44507 | Vaults:3 | Identified the +2 short sword of the Forgotten Priests
                  | {flame, rF++}
 44569 | Vaults:3 | Noticed Boris
 44579 | Vaults:3 | Killed Boris
 45261 | Vaults:3 | Found a staircase to the Crypt.
 46060 | Vaults:4 | Noticed Mara
 46066 | Vaults:4 | Killed Mara
 46150 | Vaults:4 | Found a transporter.
 46150 | Vaults:4 | Noticed Foasmeck's ghost (veteran MiFi)
 46170 | Vaults:4 | Found a transporter.
 46639 | Crypt:1  | Entered Level 1 of the Crypt
 46658 | Crypt:1  | Reached skill level 5 in Spellcasting
 46795 | Crypt:1  | Reached XP level 24. HP: 200/200 MP: 36/36
 47334 | Crypt:1  | Found a large runed translucent door.
 47335 | Crypt:1  | Found a large runed translucent door.
 47340 | Crypt:1  | Noticed Wuppom's ghost (veteran GrFi)
 48473 | Crypt:3  | Entered Level 3 of the Crypt
 48473 | Crypt:3  | Found a staircase to the Tomb.
 48545 | Crypt:3  | Noticed Khufu
 48545 | Crypt:3  | Noticed a royal mummy
 48545 | Crypt:3  | Noticed a royal mummy
 48560 | Crypt:3  | Killed a royal mummy
 48566 | Crypt:3  | Killed a royal mummy
 48583 | Crypt:3  | Killed Khufu
 48656 | Crypt:3  | Noticed Vv
 48664 | Crypt:3  | Killed Vv
 48699 | Crypt:3  | Noticed a curse toe
 48702 | Crypt:3  | Killed a curse toe
 48857 | Crypt:3  | Found a basalt altar of Yredelemnul.
 49257 | Crypt:3  | Found the +8 demon blade "Leech" {evervamp, Harm Drain rN+}
 49288 | Crypt:3  | Noticed an ancient lich
 49314 | Crypt:3  | Killed an ancient lich
 49337 | Crypt:3  | Identified the ring of Isse Jowk {rC+ rN+ Will+}
 49337 | Crypt:3  | Identified the ring of the Evening {rN+ Int+3}
 49337 | Crypt:3  | Identified the ring of Fah Inn {rN+ Str-5 Int+6 Dex-3}
 49341 | Crypt:3  | Identified the +1 robe "Voduvon" {rN+ Dex+3 Archmagi}
 49347 | Crypt:3  | Identified the +8 quarterstaff of Ukhloach {freeze, rElec
                  | rC+ Int-5}
 49657 | Depths:1 | Entered Level 1 of the Depths
 49698 | Depths:1 | Reached XP level 25. HP: 203/208 MP: 37/37
 50027 | Depths:1 | Noticed a juggernaut
 50036 | Depths:1 | Killed a juggernaut
 50113 | Depths:1 | Identified the amulet of Thoughtfulness {Acrobat rF+ rC-
                  | Str+3 Int+4}
 50138 | Depths:1 | Identified the +2 helmet "Oklymman" {rC+}
 50215 | Depths:1 | Found a gateway to Hell.
 50293 | Depths:1 | Found a shimmering altar of Xom.
 51148 | Depths:2 | Found a one-way gateway to a ziggurat.
 51149 | Depths:2 | Found a one-way gate to the infinite horrors of the Abyss.
 51395 | Depths:2 | Found a one-way gate leading to the halls of Pandemonium.
 51440 | Depths:3 | Noticed a juggernaut
 51441 | Depths:3 | Found a transporter.
 51444 | Depths:3 | Found a transporter.
 51464 | Depths:3 | Found a flickering gateway to a bazaar.
 51484 | Bazaar   | Entered a bazaar
 51485 | Bazaar   | Found Usemot's Antique Armour Emporium.
 51493 | Bazaar   | Found Mulitise's Antique Armour Shoppe.
 51515 | Bazaar   | Found Mevvuisun's Jewellery Shop.
 51523 | Bazaar   | Found Xofivoz's Antique Weapon Emporium.
 51566 | Bazaar   | Bought shiny ice dragon scales for 1764 gold pieces
 51647 | Depths:3 | Reached skill level 10 in Shields
 52095 | Depths:3 | Reached XP level 26. HP: 218/218 MP: 37/37
 52495 | Depths:4 | Entered Level 4 of the Depths
 52530 | Depths:4 | Found a runed translucent door.
 52543 | Depths:4 | Noticed Uhytecu's ghost (adept MiBe)
 52969 | Depths:4 | Noticed a juggernaut
 52978 | Depths:4 | Killed a juggernaut
 52995 | Depths:4 | Noticed the Enchantress
 53004 | Depths:4 | Killed the Enchantress
 53399 | Depths:4 | Found a gate to the Realm of Zot.
 53592 | Depths:4 | Upgraded the game from 0.30-a0-883-g5ad918d77d to
                  | 0.30-a0-897-ga2f19c967e
 53920 | Lair:4   | Killed TotallyNotGC's ghost
 54213 | Orc:1    | Found a runed translucent door.
 54647 | Slime:1  | Entered Level 1 of the Pits of Slime
 54694 | Slime:1  | Gained mutation: You have large cloven feet. [a shining
                  | eye]
 54695 | Slime:1  | Gained mutation: You have hidden genetic defects. [a
                  | shining eye]
 54751 | Lair:5   | Lost mutation: You have large cloven feet. [potion of
                  | mutation]
 54751 | Lair:5   | Lost mutation: You have hidden genetic defects. [potion of
                  | mutation]
 54751 | Lair:5   | Gained mutation: You have hidden genetic defects. [potion
                  | of mutation]
 54751 | Lair:5   | Gained mutation: You are partially covered in iridescent
                  | scales. (AC +2) [potion of mutation]
 54753 | Lair:5   | Lost mutation: You have hidden genetic defects. [potion of
                  | mutation]
 54753 | Lair:5   | Lost mutation: You are partially covered in iridescent
                  | scales. (AC +2) [potion of mutation]
 54753 | Lair:5   | Gained mutation: You are frail. (-10% HP) [potion of
                  | mutation]
 54945 | Slime:5  | Entered Level 5 of the Pits of Slime
 55349 | Slime:4  | Reached XP level 27. HP: 205/205 MP: 38/38
 55480 | Slime:5  | Noticed the Royal Jelly
 55487 | Slime:5  | Was placed under penance by the Shining One
 55496 | Slime:5  | Killed the Royal Jelly
 55748 | Slime:5  | Got a slimy rune of Zot
 55750 | Slime:5  | Identified the +2 plate armour "Zilal" {rF+ rN+ Str+2}
 55751 | Slime:5  | Found the ring of Shadows {Umbra +Inv Stlth+}
 55808 | Slime:5  | Identified the +1 scale mail of Okawaru's Esteem {Will-
                  | Str+2 Dex+5}
 56248 | Crypt:1  | Killed Wuppom's ghost
 56614 | Zot:1    | Entered Level 1 of the Realm of Zot
 56615 | Zot:1    | Noticed an orb of fire
 56619 | Zot:1    | Killed an orb of fire
 56674 | Zot:1    | Reached skill level 15 in Shields
 56681 | Zot:1    | Reached skill level 27 in Ranged Weapons
 57045 | Zot:1    | Reached skill level 1 in Long Blades
 57243 | Zot:1    | Noticed an orb of fire
 57248 | Zot:1    | Gained mutation: You occasionally lose the ability to read
                  | scrolls when taking damage. [an orb of fire]
 57250 | Zot:1    | Gained mutation: Your body sometimes deteriorates upon
                  | taking damage. [an orb of fire]
 57252 | Zot:1    | Killed an orb of fire
 57255 | Zot:1    | Lost mutation: Your body sometimes deteriorates upon taking
                  | damage. [potion of mutation]
 57255 | Zot:1    | Lost mutation: You occasionally lose the ability to read
                  | scrolls when taking damage. [potion of mutation]
 57255 | Zot:1    | Lost mutation: You are frail. (-10% HP) [potion of
                  | mutation]
 57255 | Zot:1    | Gained mutation: Your flesh is heat resistant. (rF+)
                  | [potion of mutation]
 57255 | Zot:1    | Gained mutation: You occasionally lose the ability to drink
                  | potions when taking damage. [potion of mutation]
 57255 | Zot:1    | Gained mutation: Your body sometimes deteriorates upon
                  | taking damage. [potion of mutation]
 57255 | Zot:1    | Gained mutation: Your muscles are strong. (Str +4, Int/Dex
                  | -1) [potion of mutation]
 57614 | Zot:2    | Noticed a Killer Klown
 57671 | Zot:2    | Reached skill level 5 in Translocations
 57677 | Zot:2    | Killed a Killer Klown
 57979 | Zot:2    | Reached skill level 5 in Long Blades
 58212 | Zot:2    | Noticed an orb of fire
 58215 | Zot:2    | Gained mutation: You are dopey. (Int -2) [an orb of fire]
 58220 | Zot:2    | Killed an orb of fire
 58586 | Zot:2    | Identified the +5 war axe of Hepliaklqana, Leaping
                  | {protect, rF+}
 59483 | Zot:3    | Noticed a Killer Klown
 59497 | Zot:3    | Killed a Killer Klown
 59671 | Zot:3    | Learned a level 2 spell: Lesser Beckoning
 59676 | Zot:3    | Learned a level 4 spell: Cause Fear
 60108 | Zot:4    | Was forgiven by the Shining One
 60555 | Zot:4    | Noticed a Killer Klown
 60566 | Zot:4    | Killed a Killer Klown
 60588 | Zot:4    | Acquired the scarf "Foffoumeing" {rC+ rF+, Dex+4}
 60999 | Zot:5    | Entered Level 5 of the Realm of Zot
 61229 | Zot:5    | Reached skill level 1 in Evocations
 61232 | Zot:5    | Reached skill level 1 in Throwing
 61284 | Zot:5    | Noticed an orb of fire
 61291 | Zot:5    | Reached skill level 10 in Long Blades
 61292 | Zot:5    | Noticed a Killer Klown
 61293 | Zot:5    | Killed an orb of fire
 61306 | Zot:5    | Killed a Killer Klown
 61473 | Zot:5    | Noticed a Killer Klown
 61478 | Zot:5    | Killed a Killer Klown
 61747 | Zig:1    | Entered Level 1 of a ziggurat
 61764 | Zig:2    | Entered Level 2 of a ziggurat
 61780 | Zig:3    | Entered Level 3 of a ziggurat
 61818 | Zig:4    | Entered Level 4 of a ziggurat
 61858 | Zig:4    | Acquired the ring "Huorhum" {Fly Will+ rCorr Int+3}
 61864 | Zig:5    | Entered Level 5 of a ziggurat
 61912 | Zig:6    | Entered Level 6 of a ziggurat
 61936 | Zig:6    | Found the -2 hat of the Alchemist {rElec rPois rF+ rC+ rN+
                  | Will+ rMut rCorr}
 61948 | Zig:6    | Identified the +1 chain mail of the Solstice {rPois rN+++
                  | Int-5}
 61952 | Zig:7    | Entered Level 7 of a ziggurat
 62102 | Depths:4 | Killed Uhytecu's ghost
 62114 | Depths:4 | Found a runed translucent door.
 62118 | Depths:4 | Noticed Ogaomn's ghost (veteran GnSk)
 62142 | Depths:4 | Killed Ogaomn's ghost
 62144 | Depths:4 | Found a runed translucent door.
 62147 | Depths:4 | Noticed Zemihauc's ghost (journeyman SpBr)
 62157 | Depths:4 | Killed Zemihauc's ghost
 62180 | Depths:4 | Identified the orb of Woucood {rElec rF- Dex+3}
 62187 | Depths:4 | Identified the +4 war axe "Tuotoxt" {speed, rElec rN+
                  | Stlth-}
 62600 | Vaults:4 | Killed Foasmeck's ghost
 62693 | Vaults:5 | Entered Level 5 of the Vaults
 63233 | Vaults:5 | Noticed a dread lich
 63240 | Vaults:5 | Killed a dread lich
 63286 | Vaults:5 | Identified the +5 plate armour of the Original Sin {rC-
                  | Regen+ Dex-2 Stlth+}
 63641 | Vaults:5 | Got a silver rune of Zot
 63704 | Vaults:5 | Identified the ring of Susobis {Str+6 Dex+5 Stlth-}
 64166 | Pan      | Entered Pandemonium
 64176 | Pan      | Reached skill level 10 in Armour
 64223 | Pan      | Identified the +6 rapier of Eternal Night {spect, rPois}
 64247 | Pan      | Found an exit through the horrors of the Abyss.
 64363 | Pan      | Gained mutation: Your body often deteriorates upon taking
                  | damage. [a cacodemon]
 64366 | Pan      | Gained mutation: Your spells are a little easier to cast,
                  | but a little less powerful. [a cacodemon]
 64438 | Pan      | Noticed Qautoqin the pandemonium lord
 64446 | Pan      | Killed Qautoqin the pandemonium lord
 64549 | Pan      | Learned a level 2 spell: Passwall
 64647 | Pan      | Reached skill level 15 in Long Blades
 64648 | Pan      | Reached skill level 1 in Earth Magic
 64664 | Pan      | Reached skill level 1 in Transmutations
 65036 | Pan      | Found a transporter.
 65132 | Pan      | Found a transporter.
 65132 | Pan      | Identified the +0 plate armour of Majestic Knowledge
                  | {Dex+4}
 65207 | Pan      | Gained mutation: Your spells are easier to cast, but less
                  | powerful. [mutagenic glow]
 65214 | Pan      | Gained mutation: Your magical capacity is low. (-10% MP)
                  | [mutagenic glow]
 65228 | Pan      | Gained mutation: Your magical capacity is very low. (-20%
                  | MP) [mutagenic glow]
 65281 | Pan      | Identified the amulet "Pamif" {RegenMP *Slow rPois rF+
                  | Regen+}
 65291 | Pan      | Identified the ring "Veczokli" {rF- rC+ Str+6 Dex+4}
 65807 | Pan      | Noticed Cophaat the pandemonium lord
 65812 | Pan      | Killed Cophaat the pandemonium lord
 66043 | Pan      | Learned a level 1 spell: Apportation
 66044 | Pan      | Entered the realm of Cerebov.
 66253 | Pan      | Found the +6 sword of Cerebov {flame}
 66253 | Pan      | Noticed Cerebov
 66280 | Pan      | Killed Cerebov
 66379 | Pan      | Identified the +0 robe "Xasud" {Int+4 Slay+3 SInv}
 66397 | Pan      | Identified the +5 executioner's axe "Soawk" {heavy, Drain
                  | rF+ rC++ Dex+2}
 66398 | Pan      | Identified the ring "Woidiocs" {Int+4 SInv Stlth-}
 66405 | Pan      | Identified the +0 spear "Impbane" {drain, *Noise Int+7}
 66441 | Pan      | Identified the +3 great mace of Weanom {heavy, Int+4}
 66444 | Pan      | Got the Guidebook on Cloudy Companions
 66445 | Pan      | Identified the +9 mace of Pehe {holy, rPois Str+3 Dex+4}
 66497 | Pan      | Got a fiery rune of Zot
 66526 | Pan      | Found a runed translucent door.
 66587 | Pan      | Found an exit through the horrors of the Abyss.
 66628 | Pan      | Gained mutation: Armour fits poorly on your strangely
                  | shaped body. [a neqoxec]
 66685 | Pan      | Found a transporter.
 66685 | Pan      | Found a transporter.
 66840 | Pan      | Identified the +0 cloak of Inference {rN+ Regen+ Dex-3
                  | Slay+3}
 66843 | Pan      | Identified the +1 chain mail of Xereag {Harm rC- SInv}
 66862 | Pan      | Identified the amulet "Sowajah" {Reflect rF- Str+2 SH+5
                  | SInv}
 67105 | Pan      | Entered the realm of Gloorx Vloq.
 67176 | Pan      | Noticed Mennas
 67182 | Pan      | Killed Mennas
 67293 | Pan      | Noticed Gloorx Vloq
 67315 | Pan      | Killed Gloorx Vloq
 67406 | Pan      | Got a dark rune of Zot
 67457 | Pan      | Found an exit through the horrors of the Abyss.
 67491 | Pan      | Entered the realm of Mnoleg.
 67491 | Pan      | Found an exit through the horrors of the Abyss.
 67557 | Pan      | Lost mutation: Your muscles are strong. (Str +4, Int/Dex
                  | -1) [a neqoxec]
 67584 | Pan      | Lost mutation: Armour fits poorly on your strangely shaped
                  | body. [potion of mutation]
 67584 | Pan      | Lost mutation: Your flesh is heat resistant. (rF+) [potion
                  | of mutation]
 67584 | Pan      | Lost mutation: You are dopey. (Int -2) [potion of mutation]
 67584 | Pan      | Gained mutation: You are clumsy. (Dex -2) [potion of
                  | mutation]
 67585 | Pan      | Lost mutation: You are clumsy. (Dex -2) [potion of
                  | mutation]
 67585 | Pan      | Lost mutation: Your spells are easier to cast, but less
                  | powerful. [potion of mutation]
 67585 | Pan      | Gained mutation: You are weak. (Str -2) [potion of
                  | mutation]
 67585 | Pan      | Gained mutation: Armour fits poorly on your strangely
                  | shaped body. [potion of mutation]
 67585 | Pan      | Gained mutation: You have sharp fingernails. [potion of
                  | mutation]
 67586 | Pan      | Lost mutation: You occasionally lose the ability to drink
                  | potions when taking damage. [potion of mutation]
 67586 | Pan      | Lost mutation: Your body often deteriorates upon taking
                  | damage. [potion of mutation]
 67586 | Pan      | Lost mutation: You are weak. (Str -2) [potion of mutation]
 67586 | Pan      | Lost mutation: Your spells are a little easier to cast, but
                  | a little less powerful. [potion of mutation]
 67586 | Pan      | Gained mutation: You possess an exceptional clarity of
                  | mind. [potion of mutation]
 67586 | Pan      | Gained mutation: Your mind is acute. (Int +4, Str/Dex -1)
                  | [potion of mutation]
 67661 | Pan      | Noticed Mnoleg
 67702 | Pan      | Killed Mnoleg
 67722 | Pan      | Got a glowing rune of Zot
 67794 | Pan      | Lost mutation: Your magical capacity is very low. (-20% MP)
                  | [potion of mutation]
 67794 | Pan      | Lost mutation: Your body sometimes deteriorates upon taking
                  | damage. [potion of mutation]
 67794 | Pan      | Gained mutation: You are covered in fur. (AC +1) [potion of
                  | mutation]
 67794 | Pan      | Gained mutation: You are partially covered in iridescent
                  | scales. (AC +2) [potion of mutation]
 67816 | Depths:2 | Escaped Pandemonium
 67818 | Pan      | Entered Pandemonium
 67912 | Pan      | Noticed Dute the pandemonium lord
 67920 | Pan      | Killed Dute the pandemonium lord
 68042 | Pan      | Gained mutation: You are vulnerable to cold. (rC-) [a
                  | neqoxec]
 68162 | Pan      | Found a runed translucent door.
 68176 | Pan      | Got a demonic rune of Zot
 68242 | Pan      | Entered the realm of Lom Lobon.
 68250 | Pan      | Lost mutation: You possess an exceptional clarity of mind.
                  | [potion of mutation]
 68250 | Pan      | Lost mutation: Your magical capacity is low. (-10% MP)
                  | [potion of mutation]
 68250 | Pan      | Lost mutation: Your mind is acute. (Int +4, Str/Dex -1)
                  | [potion of mutation]
 68250 | Pan      | Lost mutation: You are vulnerable to cold. (rC-) [potion of
                  | mutation]
 68397 | Pan      | Found an exit through the horrors of the Abyss.
 68629 | Pan      | Got a magical rune of Zot
 68632 | Pan      | Noticed Lom Lobon
 68648 | Pan      | Killed Lom Lobon
 68746 | Pan      | Took an exit into the Abyss.
 68746 | Abyss:2  | Escaped into the Abyss
 68942 | Abyss:2  | Found a corrupted altar of Lugonu.
 68951 | Abyss:2  | Found a corrupted altar of Lugonu.
 68965 | Abyss:2  | Found a corrupted altar of Lugonu.
 69037 | Abyss:2  | Reached skill level 27 in Invocations
 69076 | Abyss:2  | Found a corrupted altar of Lugonu.
 69402 | Abyss:3  | Found a corrupted altar of Lugonu.
 69459 | Abyss:3  | Got an abyssal rune of Zot
 69474 | Depths:2 | Escaped the Abyss
 69994 | Hell     | Entered the Vestibule of Hell
 69994 | Hell     | Noticed Geryon
 70006 | Hell     | Killed Geryon
 70237 | Hell     | Found a gateway to the ashen valley of Gehenna.
 70282 | Hell     | Found a gateway to the decaying netherworld of Tartarus.
 70327 | Hell     | Found a gateway to the freezing wastes of Cocytus.
 70499 | Hell     | Found a gateway to the Iron City of Dis.
 70512 | Dis:1    | Entered Level 1 of the Iron City of Dis
 70668 | Hell     | Learned a level 6 spell: Dispersal
 70673 | Hell     | Learned a level 4 spell: Leda's Liquefaction
 70713 | Tar:1    | Entered Level 1 of Tartarus
 70764 | Tar:1    | Reached skill level 10 in Translocations
 71592 | Tar:7    | Entered Level 7 of Tartarus
 72226 | Tar:7    | Identified the +0 robe "Nuco" {rElec rC+}
 72228 | Tar:7    | Identified the +4 hand axe "Hydrabane" {pain, rF++ Int+3
                  | Dex+4}
 72292 | Tar:7    | Noticed the Serpent of Hell
 72360 | Tar:7    | Killed the Serpent of Hell
 72690 | Tar:7    | Noticed Ereshkigal
 72708 | Tar:7    | Killed Ereshkigal
 72735 | Tar:7    | Identified the +3 hand axe "Yjatogi" {spect, Dex+2}
 72741 | Tar:7    | Got a bone rune of Zot
 73035 | Geh:1    | Entered Level 1 of Gehenna
 73069 | Geh:1    | Reached skill level 27 in Fighting
 73711 | Geh:5    | Noticed a dread lich
 73711 | Geh:5    | Noticed a dread lich
 73711 | Geh:5    | Noticed a dread lich
 73711 | Geh:5    | Noticed an ancient lich
 73711 | Geh:5    | Noticed a dread lich
 73711 | Geh:5    | Noticed an ancient lich
 73715 | Geh:5    | Killed a dread lich
 73715 | Geh:5    | Killed a dread lich
 73716 | Geh:5    | Reached skill level 27 in Shields
 73716 | Geh:5    | Killed an ancient lich
 73717 | Geh:5    | Killed an ancient lich
 73717 | Geh:5    | Killed a dread lich
 73717 | Geh:5    | Killed a dread lich
 73994 | Geh:7    | Entered Level 7 of Gehenna
 74814 | Geh:7    | Identified the +0 plate armour "Ehotast" {Int+4}
 74858 | Geh:7    | Found the +7 sceptre of Asmodeus
 74858 | Geh:7    | Noticed Asmodeus
 74875 | Geh:7    | Killed Asmodeus
 74895 | Geh:7    | Got the Vellum of Calid Lamentation
 74903 | Geh:7    | Identified the ring "Wyr Jaq" {Ice rElec rPois rN++ Dex-2}
 74905 | Geh:7    | Identified the amulet of Lobiunt {Acrobat Fly rElec rCorr
                  | Int-5}
 74920 | Geh:7    | Got an obsidian rune of Zot
 75245 | Coc:1    | Entered Level 1 of Cocytus
 75478 | Coc:2    | Noticed a shard shrike
 75478 | Coc:2    | Noticed a shard shrike
 75481 | Coc:2    | Killed a shard shrike
 75488 | Coc:2    | Killed a shard shrike
 75612 | Coc:3    | You are sucked into a shaft and drop 3 floors!
 75772 | Coc:7    | Entered Level 7 of Cocytus
 75941 | Coc:7    | Reached skill level 15 in Translocations
 76373 | Coc:7    | Identified the +6 scimitar of Muadys {pain, *Noise Str+4}
 76376 | Coc:7    | Identified the ring of Denk {MP+9 Int+2}
 76631 | Coc:7    | Noticed Antaeus
 76651 | Coc:7    | Killed Antaeus
 76737 | Coc:7    | Got an icy rune of Zot
 77472 | Dis:2    | You are sucked into a shaft and drop 2 floors!
 77790 | Dis:7    | Entered Level 7 of the Iron City of Dis
 78616 | Dis:7    | Noticed a juggernaut
 78624 | Dis:7    | Killed a juggernaut
 78636 | Dis:7    | Noticed Dispater
 78645 | Dis:7    | Killed Dispater
 78656 | Dis:7    | Got an iron rune of Zot
 78657 | Dis:7    | Identified the ring of the Peasants {Will++ MP+9}
 78664 | Dis:7    | Identified the +10 hand axe of Xurull {heavy, rN+}
 79382 | Crypt:3  | Upgraded the game from 0.30-a0-897-ga2f19c967e to
                  | 0.30-a0-912-ge10d75a369
 79384 | Tomb:1   | Entered Level 1 of the Tomb of the Ancients
 79793 | Tomb:1   | Noticed a royal mummy
 79799 | Tomb:1   | Killed a royal mummy
 80031 | Tomb:1   | Identified a +7 triple sword of holy wrath (a +5 triple
                  | sword of freezing blessed by the Shining One)
 80031 | Tomb:1   | Received a gift from the Shining One
 80105 | Tomb:1   | Noticed a royal mummy
 80108 | Tomb:1   | Killed a royal mummy
 80218 | Tomb:2   | Noticed a royal mummy
 80221 | Tomb:2   | Noticed a royal mummy
 80222 | Tomb:2   | Noticed a royal mummy
 80229 | Tomb:2   | Noticed a royal mummy
 80234 | Tomb:2   | Killed a royal mummy
 80245 | Tomb:2   | Killed a royal mummy
 80247 | Tomb:2   | Killed a royal mummy
 80253 | Tomb:2   | Killed a royal mummy
 80638 | Tomb:1   | Noticed a royal mummy
 80645 | Tomb:1   | Killed a royal mummy
 80646 | Tomb:1   | Noticed a royal mummy
 80646 | Tomb:1   | Noticed a royal mummy
 80649 | Tomb:1   | Killed a royal mummy
 80654 | Tomb:1   | Killed a royal mummy
 80685 | Tomb:1   | Noticed a royal mummy
 80689 | Tomb:1   | Noticed a royal mummy
 80690 | Tomb:1   | Killed a royal mummy
 80690 | Tomb:1   | Noticed a royal mummy
 80717 | Tomb:1   | Killed a royal mummy
 80726 | Tomb:1   | Killed a royal mummy
 80729 | Tomb:1   | Noticed a royal mummy
 80733 | Tomb:1   | Killed a royal mummy
 80739 | Tomb:1   | Noticed a royal mummy
 80744 | Tomb:1   | Killed a royal mummy
 80861 | Tomb:1   | Noticed a royal mummy
 80861 | Tomb:1   | Noticed a royal mummy
 80861 | Tomb:1   | Noticed a royal mummy
 80869 | Tomb:1   | Killed a royal mummy
 80873 | Tomb:1   | Noticed a royal mummy
 80878 | Tomb:1   | Killed a royal mummy
 80883 | Tomb:1   | Killed a royal mummy
 80886 | Tomb:1   | Noticed a royal mummy
 80888 | Tomb:1   | Noticed a royal mummy
 80889 | Tomb:1   | Killed a royal mummy
 80889 | Tomb:1   | Noticed a royal mummy
 80893 | Tomb:1   | Killed a royal mummy
 80897 | Tomb:1   | Killed a royal mummy
 80900 | Tomb:1   | Killed a royal mummy
 80951 | Tomb:1   | Noticed a royal mummy
 80955 | Tomb:1   | Killed a royal mummy
 80965 | Tomb:1   | Noticed a royal mummy
 80973 | Tomb:1   | Killed a royal mummy
 81040 | Tomb:1   | Noticed a royal mummy
 81044 | Tomb:1   | Noticed a royal mummy
 81050 | Tomb:1   | Killed a royal mummy
 81054 | Tomb:1   | Killed a royal mummy
 81149 | Tomb:1   | Noticed a royal mummy
 81158 | Tomb:1   | Killed a royal mummy
 81178 | Tomb:1   | Noticed a royal mummy
 81186 | Tomb:1   | Killed a royal mummy
 81335 | Tomb:3   | Entered Level 3 of the Tomb of the Ancients
 81350 | Tomb:3   | Noticed a royal mummy
 81353 | Tomb:3   | Noticed a royal mummy
 81367 | Tomb:3   | Killed a royal mummy
 81369 | Tomb:3   | Killed a royal mummy
 81400 | Tomb:3   | Noticed a royal mummy
 81408 | Tomb:3   | Noticed a royal mummy
 81409 | Tomb:3   | Killed a royal mummy
 81415 | Tomb:3   | Killed a royal mummy
 81460 | Tomb:3   | Found the +8 Vampire's Tooth {megavamp}
 81472 | Tomb:3   | Identified the ring "Wutredos" {Fly rElec Will+ Dex-2
                  | Slay+2}
 81474 | Tomb:3   | Identified the +3 chain mail of Circular Logic {rElec
                  | Stlth+}
 81484 | Tomb:3   | Identified the +6 swamp dragon scales of the Eternal Void
                  | {rPois rC+ rCorr}
 81487 | Tomb:3   | Identified the +3 spear "Tug Bodi" {pain, rElec Int+6}
 81488 | Tomb:3   | Identified the +0 leather armour of Filth {rPois SInv
                  | Stlth+}
 81508 | Tomb:3   | Noticed a royal mummy
 81514 | Tomb:3   | Killed a royal mummy
 81645 | Tomb:3   | Noticed a royal mummy
 81648 | Tomb:3   | Killed a royal mummy
 81670 | Tomb:3   | Noticed a royal mummy
 81675 | Tomb:3   | Noticed a royal mummy
 81680 | Tomb:3   | Killed a royal mummy
 81683 | Tomb:3   | Killed a royal mummy
 81807 | Tomb:3   | Noticed a royal mummy
 81813 | Tomb:3   | Killed a royal mummy
 81931 | Tomb:3   | Got a golden rune of Zot
 82001 | Tomb:3   | Identified the ring of Tiki {rElec Will+ Int+6}
 82741 | Zot:5    | Noticed an ancient lich
 82744 | Zot:5    | Killed an ancient lich
 82749 | Zot:5    | Noticed a Killer Klown
 82753 | Zot:5    | Killed a Killer Klown
 82769 | Zot:5    | Noticed an ancient lich
 82770 | Zot:5    | Killed an ancient lich
 82871 | Zot:5    | Noticed a dread lich
 82873 | Zot:5    | Killed a dread lich
 82876 | Zot:5    | Noticed a Killer Klown
 82880 | Zot:5    | Killed a Killer Klown
 82887 | Zot:5    | Noticed an orb of fire
 82888 | Zot:5    | Gained mutation: You occasionally shout uncontrollably at
                  | your foes. [an orb of fire]
 82899 | Zot:5    | Killed an orb of fire
 82909 | Zot:5    | Noticed an ancient lich
 82912 | Zot:5    | Killed an ancient lich
 82916 | Zot:5    | Noticed an ancient lich
 82919 | Zot:5    | Killed an ancient lich
 82934 | Zot:5    | Noticed an ancient lich
 82940 | Zot:5    | Noticed an ancient lich
 82941 | Zot:5    | Killed an ancient lich
 82942 | Zot:5    | Reached skill level 27 in Dodging
 82944 | Zot:5    | Noticed an ancient lich
 82945 | Zot:5    | Killed an ancient lich
 82954 | Zot:5    | Killed an ancient lich
 83021 | Zot:5    | Got the Orb of Zot
 83064 | Zot:5    | Noticed a Killer Klown
 83067 | Zot:5    | Killed a Killer Klown
 83486 | D:15     | Noticed Zaohe the pandemonium lord
 83492 | D:15     | Killed Zaohe the pandemonium lord
 83863 | D:$      | Escaped with the Orb!

Illustrated notes

Levels and vault maps discovered:
D:1:      minmay_arrival_nine_rooms, layout_loops_cross, glass_columns_a
D:2:      layout_rooms, serial_curves, eino_curves_04, eino_curves_02
D:3:      layout_rooms, columned_hall_lemuel, hangedman_abyss_or_decor_stabs,
          uniq_grinder
D:4:      layout_basic, minmay_temple_entry_drinking_statues,
          kennysheep_generic_room_16, uniq_edmund, uniq_eustachio
D:5:      layout_basic, serial_shops, nicolae_shop_stone,
          uniq_crazy_yiuf_cottage, uniq_pikel
D:6:      layout_loops_ring, mainiacjoe_overflow_alcove_1,
          mainiacjoe_overflow_boulevard, nicolae_qazlal_style_of_elements,
          gammafunk_temple_overflow_wave, cheibrodos_sewer_entry_bend
D:7:      layout_gridville, kennysheep_doodads, minmay_misc_feat_encased,
          uniq_menkaure
D:8:      minmay_diamond_stairs, layout_rooms, mainiacjoe_overflow_paths,
          minivault_25, minmay_bent
D:9:      layout_cave_pools, grunt_temple_overflow_open, serial_gnoll_camp,
          gnoll_camp_mini_loothouse, gnoll_camp_mini_house, gnoll_camp_mini_hut,
          gnoll_camp_mini_shop, gnoll_camp_mini_shop, nicolae_take_the_stairs
D:10:     layout_cave_pools, david_lair_shrubbed, serial_shops, shop
D:11:     layout_long_grid, grunt_dithmenos_smoke_and_mirrors, uniq_harold
D:12:     layout_irregular_city, david_orc_1_choice, serial_shops,
          nicolae_stop_n_shop_1
D:13:     layout_gridville, david_vaults_5, uniq_rupert
D:14:     layout_basic
D:15:     gammafunk_enter_depths_forms, layout_long_grid, okawaru_trees_1,
          nicolae_elyvilon_temple_path
Temple:   minmay_temple_curvy_loop
Lair:1:   beast_lair_carwin_large_4, layout_layer_cave, serial_bayou_shore_b,
          uniq_prince_ribbit2, uniq_sonja
Lair:2:   layout_regular_city, spider_nest_entry_rubble,
          grunt_forest_large_clearing_hut, uniq_maggie
Lair:3:   kb_forest_paths, layout_loops_ring,
          nicolae_swamp_entry_splash_gauntlet, kennysheep_basilisk_garden
Lair:4:   layout_cellular_growth, serial_forest, infiniplex_forest_zigzag_1,
          infiniplex_forest_clump_curved, infiniplex_forest_clump_tiny,
          infiniplex_forest_lined_3, infiniplex_forest_side_room,
          infiniplex_forest_lined_1, infiniplex_forest_lined_room_3,
          ebering_ghost_funeral_grove, gauntlet_entry_generic,
          pdpol_lair_neglected_garden, grunt_megastairs_4, uniq_josephine,
          uniq_snorg
Lair:5:   minmay_lair_end_frog_pond, layout_concentric_octagons, slime_entry_1,
          kennysheep_abandoned_house
Swamp:1:  layout_falls_marsh, nicolae_swamp_ascending_descending, swamp_pool1,
          grunt_witch_cave, infiniplex_staircase_pool
Swamp:2:  layout_falls_marsh, evilmike_swamp_ruin_house_5
Swamp:3:  layout_falls_marsh, serial_swamp_ruin, evilmike_swamp_ruin_rubble_1,
          evilmike_swamp_ruin_house_3, swamp_pool5, nicolae_swamp_tree_designs
Swamp:4:  byrel_swamp_growth_death_and_undeath, layout_basic_swamp, uniq_roxanne
Spider:1: layout_spider_delve
Spider:2: layout_cave_pods
Spider:3: layout_cave_pods, special_room [special_room_bee],
          nicolae_spider_bug_shape
Spider:4: guppyfry_spider_rune, guppyfry_hornet_nest, uniq_bai_suzhen,
          uniq_louise, uniq_arachne
Slime:1:  layout_caves
Slime:2:  layout_caves
Slime:3:  layout_caves
Slime:4:  layout_caves, nicolae_slime_welcoming_committee
Slime:5
Orc:1:    emtedronai_trogs_sanctum, layout_caves, nicolae_shop_gadgets,
          uniq_nergalle
Orc:2:    grunt_orc_tribal_feast, layout_caves, nicolae_orc_lava_room
Elf:1:    eino_elf_arrival_customs, layout_loops_corners,
          hangedman_elf_disciples
Elf:2:    elven_hall_of_blades_hangedman_original
          [nicolae_blade_entry_pointy_end], layout_geoelf_grid, uniq_aizul
Elf:3:    minmay_elf_hall_spiked, layout_geoelf_octagon, serial_shops, shop,
          nicolae_shop_overcharged_wands
Vaults:1: grunt_vaults_focal, grunt_vaults_trifunnel, v_misc_32, v_misc_27,
          vaults_dpeg_ring, vaults_mumra_hexcomb, vaults_mumra_hex,
          layout_vaults_quadrants, uniq_zenata
Vaults:2: vaults_mumra_bighexcomb, vaults_room_stairs_pillars,
          nicolae_vaults_specimen_jars, vaults_mumra_lcd,
          nicolae_vaults_little_squares_4, nicolae_vaults_yaktaur_gun_rack,
          dpeg_vaults_monster_box, v_rooms_6, vaults_room_octagon,
          hangedman_vaults_restitches, vaults_room_grid, vaults_dpeg_cross,
          v_alt_pattern_1, nicolae_vaults_three_branches, layout_vaults_ring,
          serial_shops, shop_fountains
Vaults:3: nicolae_vaults_network_square, nicolae_vaults_circle_grid_b,
          v_misc_26, v_misc_19, minmay_crypt_entry_simple_statues,
          ontoclasm_vaults_tryst, nicolae_vaults_ring_of_whatevers,
          hangedman_vaults_stream, ontoclasm_vaults_twist, v_rooms_5,
          nicolae_vaults_shelves_hall, v_alt_pattern_2, layout_vaults_omnibox,
          uniq_donald, uniq_boris
Vaults:4: gammafunk_ghost_arena, vaults_mumra_chevron_long,
          nicolae_vaults_circle_grid_a, nicolae_vaults_little_squares_3,
          hangedman_vaults_maws, v_alt_pattern_6, vaults_room_corners,
          vaults_room_grid, v_misc_11, serial_ice_m, vaults_dpeg_diagonal,
          layout_vaults_chaotic_city, uniq_mara
Vaults:5: uniq_margery
Crypt:1:  layout_catacombs, ebering_ghost_disaster_area
Crypt:2:  layout_chaotic_city, grunt_megastairs_5
Crypt:3:  david_glass_crypt, layout_chaotic_city, basic_altar, uniq_khufu,
          uniq_vv
Tomb:1
Tomb:2
Tomb:3
Depths:1: thingy_vault, layout_cave_shapes, hangedman_decor_growths, hell_entry,
          minmay_misc_feat_x, kennysheep_cross_bottleneck, xom_confusion_cloud
Depths:2: nicolae_cairo_tiling_very_big, layout_cave_pools, enter_ziggurat_b,
          abyss_entry, rand_demon_pan_entry_7, grunt_decor_fettered, hell_entry,
          nicolae_concentric_dashed_squares_mild, serial_bayou_shore_a
Depths:3: gammafunk_sealed_arena, layout_long_grid, serial_shops,
          bzr_entry_gold, hellmouth_2, abyss_entry, minmay_statues_item
Depths:4: grunt_zot_entry_gee_three, layout_cave_pools, hellmouth_1,
          minmay_misc_feat_room, muffindrake_ghost_three_little_ghosts,
          minmay_misc_feat_enclosed, uniq_enchantress
Hell
Dis:1:    layout_subdivisions, nicolae_dis_having_a_grate_time
Dis:2:    layout_regular_city
Dis:4:    layout_jigsaw
Dis:5:    layout_jigsaw
Dis:6:    layout_jigsaw
Dis:7:    dis_st
Geh:1:    layout_gehenna_pools_triple
Geh:2:    layout_gehenna_pools_triple, nicolae_hells_fiendish_ambush
Geh:3:    layout_gehenna_lava_caves
Geh:4:    nicolae_geh_split_lavaduct, layout_gehenna_pools_box
Geh:5:    layout_gehenna_pools_box, nicolae_geh_liches_on_tour
Geh:6:    layout_gehenna_lava_caves
Geh:7:    geh_mu
Coc:1:    layout_cocytus_delve
Coc:2:    layout_cocytus_water_paths
Coc:3:    layout_ice_bergs
Coc:6:    layout_ice_bergs
Coc:7:    coc_mu
Tar:1:    layout_catacombs
Tar:2:    layout_catacombs
Tar:3:    layout_grid_maze, nicolae_tar_cuneiform_two
Tar:4:    nicolae_tar_entranced, layout_cathedral_of_symmetry
Tar:5:    layout_grid_maze, nicolae_tar_cuneiform_to_be
Tar:6:    layout_cathedral_of_symmetry
Tar:7:    tar_minmay_river
Zot:1:    nicolae_zot_stationary_front, layout_misc_corridors
Zot:2:    layout_gridlike, hangedman_player_shredder
Zot:3:    kennysheep_blocky_room, layout_basic, zot_minivault_1
Zot:4:    layout_gridlike, grunt_megastairs_3
Zot:5:    layout_cathedral_of_symmetry

Skill      XL: |  1  2  3  4  5  6  7  8  9 10 11 12 13 14 15 16 17 18 19 20 21 22 23 24 25 26 27 |
---------------+----------------------------------------------------------------------------------+-----
Dodging        | 2 3 4 5 6 7 8 9 10 11 12 13 14 15 16 27 | 27.0
Fighting       | 3 5 6 7 8 9 10 11 12 13 14 15 16 17 18 19 20 21 27 | 27.0
Armour         | 1 3 4 6 7 9 11 | 11.1
Ranged Weapons | 5 7 8 10 11 12 13 14 15 16 17 18 19 20 21 22 23 24 25 26 27 | 27.0
Stealth        | 2 3 |  3.3
Hexes          | 2 3 5 6 8 9 10 11 12 13 | 13.3
Spellcasting   | 1 2 3 5 6 9 |  9.9
Translocations | 1 2 3 16 | 16.6
Invocations    | 2 4 6 7 9 10 11 12 13 14 15 16 17 18 19 20 21 22 27 | 27.0
Shields        | 6 8 9 10 13 27 | 27.0
Summonings     | 3 |  3.3
Long Blades    | 26 | 26.8
Evocations     | 4 |  4.4
Throwing       | 3 |  3.3
Earth Magic    | 3 |  3.3
Transmutations | 3 |  3.3

Action                     |  1- 3 |  4- 6 |  7- 9 | 10-12 | 13-15 | 16-18 | 19-21 | 22-24 | 25-27 || total
---------------------------+-------+-------+-------+-------+-------+-------+-------+-------+-------++-------
  Melee: Unarmed           |       |     4 |    17 |       |       |       |       |       |       ||    21
         Triple sword      |       |       |       |       |       |       |       |       |   611 ||   611
   Fire: Shortbow          |    88 |   113 |   395 |   966 |   692 |       |       |       |       ||  2254
         Arbalest          |       |       |       |       |   272 |       |       |       |  1314 ||  1586
         Longbow           |       |       |       |       |   272 |   796 |   863 |  1024 |  3968 ||  6923
  Throw: Dart              |       |       |       |     4 |    20 |     4 |     5 |     1 |     5 ||    39
         Throwing net      |       |       |       |     1 |       |     2 |     1 |       |       ||     4
   Cast: Portal Projectile |       |       |       |       |     1 |       |       |    10 |    53 ||    64
         Apportation       |       |       |       |       |       |       |       |       |    27 ||    27
         Lesser Beckoning  |       |       |       |       |       |       |       |       |     3 ||     3
         Passage of Golubr |       |       |       |       |       |       |       |       |     2 ||     2
 Invoke: Divine Shield     |       |       |       |     8 |    15 |     8 |     5 |     6 |    20 ||    62
         Cleansing Flame   |       |       |       |       |     6 |    14 |     3 |    10 |   131 ||   164
         Summon Divine War |       |       |       |       |       |     2 |     4 |     3 |    33 ||    42
         Brand Weapon With |       |       |       |       |       |       |       |       |     1 ||     1
Ability: Dig               |     1 |       |       |     3 |     8 |     1 |       |       |     6 ||    19
         Shaft Self        |       |       |       |       |     2 |       |       |       |       ||     2
  Evoke: Wand              |       |     1 |     3 |    15 |     2 |       |     2 |     2 |    16 ||    41
         Phantom mirror    |       |       |       |       |       |       |     4 |     2 |     7 ||    13
         Box of beasts     |       |       |       |       |       |       |     2 |     1 |     2 ||     5
         Tin of tremorston |       |       |       |       |       |       |     2 |       |     3 ||     5
    Use: Scroll            |       |     4 |     7 |     4 |    13 |     8 |     7 |     3 |    63 ||   109
         Potion            |       |     1 |     2 |     3 |    11 |     5 |     2 |     5 |    55 ||    84
 Armour: Ring mail         |     5 |    17 |    18 |       |       |   163 |    85 |       |       ||   288
         Skin              |       |     6 |     5 |    20 |    23 |       |       |       |   124 ||   178
         Leather armour    |       |       |    23 |    55 |    90 |    20 |    27 |       |       ||   215
         Scale mail        |       |       |       |       |       |       |     9 |    48 |   403 ||   460
  Dodge: Dodged            |    12 |    75 |   159 |   485 |   516 |   393 |   376 |   382 |  2132 ||  4530
  Block: Other             |       |       |       |    20 |       |       |       |       |       ||    20
         Buckler           |       |       |       |       |   361 |   281 |   190 |   238 |    65 ||  1135
         Kite shield       |       |       |       |       |       |       |       |       |  3071 ||  3071
         Reflection        |       |       |       |       |       |       |       |       |     7 ||     7
         Tower shield      |       |       |       |       |       |       |       |       |   669 ||   669

Table legend: (Time is in decaauts)
 A = Elapsed time spent in this place.
 B = Non-inter-level travel time spent in this place.
 C = Inter-level travel time spent in this place.
 D = Time resting spent in this place.
 E = Time spent auto-exploring this place.
 F = Levels seen in this place.
 G = Mean time per level.
                   A        B        C        D        E       F      G
               +--------+--------+--------+--------+--------+-----+--------+
         Total |  85192 |  75685 |   9507 |  14612 |  23171 | 119 |  715.9 |
       Dungeon |  16906 |  13856 |   3050 |   2473 |   6156 |  15 | 1127.1 |
        Temple |     95 |     51 |     44 |      0 |      0 |   1 |   95.0 |
          Lair |  11450 |  10089 |   1361 |   3794 |   2846 |   5 | 2290.0 |
         Swamp |   3443 |   3311 |    132 |    664 |   1476 |   4 |  860.8 |
   Spider Nest |   5663 |   5281 |    382 |   2168 |   1574 |   4 | 1415.8 |
    Slime Pits |   1266 |   1262 |      4 |    249 |      0 |   5 |  253.2 |
  Orcish Mines |   1623 |   1346 |    277 |     91 |    274 |   2 |  811.5 |
   Elven Halls |   4448 |   4247 |    201 |    903 |   1703 |   3 | 1482.7 |
        Vaults |   8007 |   6655 |   1352 |    376 |   2779 |   5 | 1601.4 |
         Crypt |   3177 |   2686 |    491 |     29 |   1531 |   3 | 1059.0 |
          Tomb |   2716 |   2588 |    128 |    613 |    133 |   3 |  905.3 |
        Depths |   5159 |   4083 |   1076 |    469 |   1584 |   4 | 1289.8 |
          Hell |   1045 |    925 |    120 |    270 |     93 |   1 | 1045.0 |
           Dis |   1676 |   1662 |     14 |    444 |     57 |   6 |  279.3 |
       Gehenna |   2013 |   1988 |     25 |    316 |    137 |   7 |  287.6 |
       Cocytus |   1607 |   1454 |    153 |    268 |     56 |   5 |  321.4 |
      Tartarus |   2219 |   2148 |     71 |    290 |    171 |   7 |  317.0 |
           Zot |   5975 |   5353 |    622 |    558 |   1871 |   5 | 1195.0 |
         Abyss |   1189 |   1189 |      0 |      0 |    364 |   3 |  396.3 |
   Pandemonium |   4769 |   4769 |      0 |    631 |    364 |  22 |  216.8 |
      Ziggurat |    274 |    274 |      0 |      0 |      0 |   7 |   39.1 |
        Bazaar |    123 |    123 |      0 |      0 |      0 |   1 |  123.0 |
         Sewer |    338 |    338 |      0 |      3 |      0 |   1 |  338.0 |
               +--------+--------+--------+--------+--------+-----+--------+

Top non-repeatable levels by time:
  Lair:4: 2751 daAuts
  Lair:2: 2390 daAuts
  Lair:1: 2138 daAuts
  Lair:3: 2097 daAuts
  Lair:5: 2072 daAuts
Vaults:1: 1989 daAuts
Spider:3: 1907 daAuts
Vaults:3: 1771 daAuts
Spider:4: 1737 daAuts
    D:15: 1734 daAuts
    D:10: 1681 daAuts
   Zot:2: 1611 daAuts
Vaults:2: 1609 daAuts
   Elf:3: 1581 daAuts
  Tomb:1: 1565 daAuts
